cohdb
Replays
Latest Replays
All Replays
Popular Replays
Top Player Replays
Match Explorer
How It Works
Community
CoH3 Stats
Reddit
Sign in to upload your games and track your stats! →
Sign in with Steam
Match 43764177
Unlisted
Match 43764177
Overview
Messages
Build Orders
End
Construct Infanterie Kompanie
Kettenkrad Recon Vehicle
MG 42 Machine Gun Team
Grenadier Squad
GrW 34 Mortar Team
Construct Panzergrenadier Kompanie
251 Medium Carrier
Forward Retreat Point
Selects Luftwaffe Battlegroup
Selects Stuka Strafing Run
Support Elements
Pak 40 Anti-tank Gun Team
Stuka Strafing Run
StuG III G Assault Gun
Nebelwerfer 42 Rocket Launcher Team
Nebelwerfer 42 Rocket Launcher Team
Stuka Strafing Run
Panzergrenadier Officer Quarters
Nebelwerfer 42 Rocket Launcher Team
Side Skirts
Stuka Strafing Run
Construct Panzer Kompanie
Kettenkrad Recon Vehicle
Stuka Strafing Run
Selects Fallschirmjäger Squad Paradrop
Selects Stuka Loiter
Stuka Loiter
Stuka Strafing Run
Papa Shango
Husar
Felipe
[DGG] Stump Chuggins
tater
[DGG]Ordo/Illicitfoot6
0
0
Comments
sign in to comment!
No comments posted yet!